 Dungeon Crawl Stone Soup version 0.28.0-53-g5a82cb258f (webtiles) character file.

Game seed: 11165444825608852707

1189 Godmorgon the Chopper (level 8, -3/71 HPs)
             Began as a Minotaur Fighter on Sept 6, 2022.
             Succumbed to a gnoll's poison
             ... on level 6 of the Dungeon.
             The game lasted 00:21:02 (4657 turns).

Godmorgon the Chopper (Minotaur Fighter)            Turns: 4657, Time: 00:21:03

Health: -3/71      AC:  9    Str: 23    XL:     8   Next: 19%
Magic:  7/7        EV:  9    Int:  5    God:
Gold:   273        SH:  4    Dex: 10    Spells: 7/7 levels left

rFire   . . .      SeeInvis .   a - +0 war axe
rCold   . . .      Faith    .   c - +0 buckler
rNeg    . . .      Spirit   .   b - +0 scale mail
rPois   .          Reflect  .   (helmet restricted)
rElec   .          Harm     .   f - +0 cloak
rCorr   .          Rampage  .   r - +0 pair of gloves
Will    .....                   (no boots)
Stlth   ..........              (no amulet)
HPRegen 0.21/turn               (no ring)
MPRegen 0.10/turn               (no ring)

@: lethally poisoned (-3 -> -32), lit by a corona, glowing
A: horns 2, retaliatory headbutt
a: no special abilities


You were on level 6 of the Dungeon.
You visited 1 branch of the dungeon, and saw 6 of its levels.

You collected 273 gold pieces.

Inventory:

Hand Weapons
 a - a +0 war axe (weapon)
Missiles
 h - 17 poisoned darts (quivered)
 i - 38 stones
 o - 8 boomerangs
 s - 5 javelins
Armour
 b - a +0 scale mail (worn)
 c - a +0 buckler (worn)
 f - a +0 cloak (worn)
 r - a +0 pair of gloves (worn)
Jewellery
 l - an amulet of faith
Wands
 q - a wand of paralysis (5)
 u - a wand of acid (7)
 v - a wand of flame (19)
Scrolls
 e - 2 scrolls of teleportation
 g - 5 scrolls of fog
 n - a scroll of noise {unknown}
Potions
 d - a potion of flight {unknown}
 j - 3 potions of curing
 k - 2 potions of heal wounds
 m - 2 potions of lignification {unknown}
 p - a potion of cancellation
 t - a potion of invisibility {unknown}


   Skills:
 + Level 6.4 Fighting
 * Level 7.9 Axes
 * Level 5.8 Throwing
 - Level 3.6 Armour
 - Level 3.6 Shields


You had 7 spell levels left.
You didn't know any spells.
Your spell library was empty.

Dungeon Overview and Level Annotations

Branches:
Dungeon (6/15)
 Temple: D:4-7

Altars:
Cheibriados

Shops:
D:1 *   D:3 (   D:5 :[

Annotations:
D:6 4 runed translucent doors


Innate Abilities, Weirdness & Mutations

You have a pair of horns on your head.
You reflexively headbutt those who attack you in melee.


Message History

The gnoll hits you but does no damage.
You slash the gnoll! Your headbutt misses the gnoll.
The gnoll is almost dead.
You block the gnoll's attack.
You closely miss the gnoll.
The gnoll is almost dead.
The gnoll hits you with a +0 spear.
The gnoll hits you from afar with a +2 halberd of venom!
You are poisoned.
You barely miss the gnoll.
The gnoll is almost dead.
You feel very sick. The gnoll closely misses you. The gnoll barely misses you.
You slash the gnoll!
You kill the gnoll!
You feel very sick.
The gnoll hits you from afar with a +2 halberd of venom.
You are more poisoned.
You feel very sick.
You see here a +0 spear.
You feel very sick.
The gnoll hits you with a +2 halberd of venom.
* * * LOW HITPOINT WARNING * * *
You are lethally poisoned!
Items here: )) [ ††.
You slash the gnoll!
The gnoll is almost dead.
* * * LOW HITPOINT WARNING * * *
You feel very sick. The gnoll barely misses you.
You closely miss the gnoll.
The gnoll is almost dead.
* * * LOW HITPOINT WARNING * * *
You feel very sick.
The gnoll hits you with a +2 halberd of venom!
* * * LOW HITPOINT WARNING * * *
You are more poisoned.
You slash the gnoll!
You kill the gnoll!
You die...

#.##.# #.#..# >#
#.#.## .# #.#.#
.# # #.#.# .#.#
#.#.#####.#.#
#...........####
###.#####.......
#...)@).......
##############


There were no monsters in sight!

Vanquished Creatures
  Grinder (D:4)
  Sigmund (D:3)
  A black bear (D:6)
  A phantom (D:4)
  A kobold brigand (D:5)
  A scorpion (D:6)
  A howler monkey (D:4)
  2 bullfrog zombies
  2 hounds (D:4)
  A centaur skeleton (D:4)
  A jelly (D:4)
  A gnoll shaman (D:6)
  Jessica (D:3)
  2 iguanas (D:4)
  An orc wizard (D:5)
  A killer bee zombie (D:5)
  4 gnolls (D:6)
  7 adders
  A worm (D:2)
  3 dart slugs
  12 orcs
  6 bats
  9 endoplasms
  4 goblins
  5 hobgoblins
  14 kobolds
  5 ball pythons
  3 frilled lizards
  4 rats
96 creatures vanquished.

Notes
Turn   | Place    | Note
-------+----------+-------------------------------------------
     0 | D:1      | Godmorgon the Minotaur Fighter began the quest for the Orb.
     0 | D:1      | Reached XP level 1. HP: 19/19 MP: 0/0
   144 | D:1      | Reached skill level 3 in Axes
   159 | D:1      | Found Apimilul's Assorted Antiques.
   185 | D:1      | Reached XP level 2. HP: 26/27 MP: 1/1
   271 | D:1      | Found a faded altar of an unknown god.
   699 | D:1      | Reached skill level 1 in Throwing
   988 | D:2      | Reached XP level 3. HP: 33/33 MP: 2/2
  1100 | D:2      | Reached skill level 4 in Axes
  1170 | D:2      | Reached XP level 4. HP: 40/40 MP: 3/3
  1625 | D:3      | Noticed Sigmund
  1636 | D:3      | Killed Sigmund
  1637 | D:3      | Reached skill level 5 in Axes
  1637 | D:3      | Reached XP level 5. HP: 30/47 MP: 4/4
  1760 | D:3      | Reached XP level 6. HP: 31/55 MP: 5/5
  1921 | D:3      | Noticed Jessica
  1929 | D:3      | Killed Jessica
  1930 | D:3      | Reached skill level 5 in Fighting
  1982 | D:3      | Found Irghyharph's Weapon Boutique.
  2601 | D:4      | Noticed Grinder
  2710 | D:4      | Killed Grinder
  2711 | D:4      | Reached skill level 6 in Axes
  2711 | D:4      | Reached XP level 7. HP: 61/61 MP: 6/6
  3241 | D:4      | Reached skill level 7 in Axes
  3241 | D:4      | Reached skill level 5 in Throwing
  3443 | D:4      | Found a snail-covered altar of Cheibriados.
  3446 | D:4      | Identified the +6 trident "Iwaut" {drain, rF+ rC+}
  3875 | D:5      | Entered Level 5 of the Dungeon
  3884 | D:5      | Found Ylligruv's Book Emporium.
  3910 | D:5      | Found Sokhley's Antique Armour Emporium.
  4466 | D:6      | Reached XP level 8. HP: 70/70 MP: 7/7
  4504 | D:6      | Found a large runed translucent door.
  4504 | D:6      | Noticed a troll
  4505 | D:6      | Found a large runed translucent door.
  4509 | D:6      | Found a large runed translucent door.
  4509 | D:6      | Found a large runed translucent door.
  4657 | D:6      | Succumbed to a gnoll's poison

Illustrated notes

Levels and vault maps discovered:
D:1:      minmay_arrival_up_and_down, layout_basic,
          hellmonk_ecumenical_altar_zigzags, serial_shops,
          nicolae_shop_behind_doors, corexii_hall_statues_i, minivault_14,
          minivault_25
D:2:      layout_loops_ring, grunt_ministairs_15
D:3:      layout_loops_ring, serial_shops, shop, minivault_25,
          wander_ebering_terrifying_dragon_lair, uniq_jessica, uniq_sigmund
D:4:      layout_basic, general_overflow_altar, uniq_grinder
D:5:      layout_rooms, serial_shops, shop, nicolae_shop_statue_plus
D:6:      layout_loops_ring, kennysheep_cluttered_room,
          minmay_hollow_rounded_squares

Skill      XL: |  1  2  3  4  5  6  7 |
---------------+----------------------+-----
Axes           | 3 4 5 6 7 |  7.9
Fighting       | 4 5 6 |  6.4
Throwing       | 1 3 4 5 |  5.8
Armour         | |  3.6
Shields        | |  3.6

Action                   |  1- 3 |  4- 6 |  7- 9 || total
-------------------------+-------+-------+-------++-------
Melee: War axe           |    75 |    71 |    95 ||   241
       Headbutt          |    14 |     8 |    18 ||    40
Throw: Dart              |       |       |     3 ||     3
  Use: Potion            |       |     4 |       ||     4
       Scroll            |       |     4 |       ||     4
Armor: Scale mail        |    47 |    24 |    38 ||   109
Dodge: Dodged            |    43 |    22 |    35 ||   100
Block: Buckler           |    15 |    17 |    16 ||    48
